 Dungeon Crawl Stone Soup version 0.27.1-1-g398f81649c (webtiles) character file.

Game seed: 272780799327045438

4370 chaosape the Fighter (level 10, -2/79 (85) HPs)
             Began as a Gnoll Wanderer on Sept 20, 2021.
             Was a Believer of Makhleb.
             Slain by a wolf (4 damage)
             ... led by Grum
             ... on level 10 of the Dungeon.
             The game lasted 00:42:35 (13199 turns).

chaosape the Fighter (Gnoll Wanderer)              Turns: 13199, Time: 00:42:36

HP:   -2/79 (85)    AC: 12    Str: 15    XL:     10   Next: 34%
MP:   17/17         EV: 13    Int:  8    God:    Makhleb [**....]
Gold: 361           SH:  0    Dex: 15    Spells: 19/19 levels left

rFire    + . .     SeeInvis .   U - +5 spear
rCold    x . .     Faith    .   (no shield)
rNeg     . . .     Spirit   .   t - +0 ring mail
rPois    .         Reflect  .   (no helmet)
rElec    .         Harm     .   (no cloak)
rCorr    .         Rampage  .   p - +0 pair of gloves of the Sunfish {+Inv}
Will     .....                  u - +0 pair of boots
Stlth    ++........             (no amulet)
HPRegen  0.23/turn              m - +4 ring of protection
MPRegen  0.15/turn              k - ring of fire

@: brilliant, flying, hasted, drained, very quick
A: fangs 1, strong nose, distributed training
a: Renounce Religion, Evoke Invisibility, Minor Destruction


You were on level 10 of the Dungeon.
You worshipped Makhleb.
Makhleb was pleased with you.
You visited 1 branch of the dungeon, and saw 10 of its levels.

You collected 361 gold pieces.

Inventory:

Hand Weapons
 a - a +3 short sword
 d - a +0 dagger
 g - a +3 hand axe
 j - a +0 short sword
 y - a +1 vampiric trident
 A - a +0 whip of pain
 J - a +0 dagger of flaming
 U - a +5 spear (weapon)
 V - a +2 morningstar
 W - a +0 shortbow
 Y - a +0 club
Missiles
 c - 12 poisoned darts (quivered)
 i - 71 bolts
 G - 2 throwing nets
 N - 50 sling bullets
 P - 4 javelins
 Q - 2 curare-tipped darts
 X - 30 arrows
Armour
 b - a +0 pair of boots
 e - a +0 robe
 f - a +0 leather armour
 o - a +1 robe of positive energy
 p - the +0 pair of gloves of the Sunfish (worn) {+Inv}
   (You found it on level 8 of the Dungeon)

   +Inv:      It lets you turn invisible.
 t - a +0 ring mail (worn)
 u - a +0 pair of boots (worn)
 L - a +0 pair of gloves
 Z - a +0 plate armour
Magical Staves
 S - a staff of earth
Jewellery
 k - a ring of fire (right hand)
 m - a +4 ring of protection (left hand)
Wands
 F - a wand of charming (2)
 R - a wand of flame (37)
Scrolls
 h - 2 scrolls of amnesia
 C - 5 scrolls of teleportation {unknown}
 E - a scroll of noise {unknown}
 H - a scroll of fog {unknown}
 M - 2 scrolls of vulnerability {unknown}
 T - a scroll of enchant armour {unknown}
Potions
 l - a potion of flight
 n - 4 potions of curing
 q - a potion of mutation {unknown}
 r - 2 potions of haste
 s - 2 potions of degeneration {unknown}
 x - 2 potions of brilliance
 z - 2 potions of might {unknown}
 B - 2 potions of berserk rage {unknown}
 D - a potion of attraction {unknown}
 I - 2 potions of cancellation {unknown}


   Skills:
 + Level 10.0 Fighting
 + Level 7.0 Short Blades
 + Level 5.2 Long Blades
 + Level 5.2 Axes
 + Level 5.2 Maces & Flails
 + Level 5.2 Polearms
 + Level 5.2 Staves
 + Level 5.2 Slings
 + Level 5.2 Bows
 + Level 5.8 Crossbows
 + Level 5.8 Throwing
 + Level 5.2 Armour
 + Level 5.2 Dodging
 + Level 5.7 Stealth
 + Level 5.2 Shields
 + Level 5.2 Unarmed Combat
 + Level 5.2 Spellcasting
 + Level 4.3 Conjurations
 + Level 4.3 Hexes
 + Level 4.3 Summonings
 + Level 4.3 Necromancy
 + Level 4.3 Translocations
 + Level 4.3 Transmutations
 + Level 4.3 Fire Magic
 + Level 4.3 Ice Magic
 + Level 4.3 Air Magic
 + Level 4.3 Earth Magic
 + Level 4.3 Poison Magic
 + Level 5.7 Invocations
 + Level 5.8 Evocations


You had 19 spell levels left.
You didn't know any spells.
Your spell library contained the following spells:

 Spells                   Type           Power      Damage    Failure   Level
 Call Canine Familiar     Summ           13%        N/A       24%         3
 Gell's Gravitas          Tloc           6%         N/A       24%         3
 Ignite Poison            Fire/Tmut/Pois 20%        N/A       24%         3
 Mephitic Cloud           Conj/Pois/Air  13%        N/A       24%         3
 Portal Projectile        Hex/Tloc       26%        N/A       24%         3
 Teleport Other           Tloc           13%        N/A       24%         3
 Hailstorm                Conj/Ice       13%        3d5       63%         4
 Ice Form                 Ice/Tmut       13%        N/A       63%         4
 Leda's Liquefaction      Hex/Erth       6%         N/A       63%         4
 Olgreb's Toxic Radiance  Pois           13%        N/A       63%         4
 Bolt of Magma            Conj/Fire/Erth 10%        4d7       92%         5
 Summon Forest            Summ/Tloc      6%         N/A       92%         5
 Summon Mana Viper        Hex/Summ       13%        N/A       92%         5
 Eringya's Noxious Bog    Tmut/Pois      6%         N/A       100%        6
 Simulacrum               Ice/Necr       6%         N/A       100%        6
 Ozocubu's Refrigeration  Ice            6%         4d6       100%        7
 Summon Hydra             Summ           6%         N/A       100%        7
 Ignition                 Fire           10%        3d5       100%        8


Dungeon Overview and Level Annotations

Branches:
Dungeon (9/15)
 Temple: D:4-7         Lair: D:8-11         Orc: D:9-12

Altars:
Cheibriados
Gozag
Kikubaaqudgha
Makhleb
Ru
Trog
Vehumet

Annotations:
D:5 Grinder, Menkaure
D:10 Grum


Innate Abilities, Weirdness & Mutations

You have very sharp teeth.
Your uncanny sense of smell can sniff out nearby items.
Your experience applies equally to all skills.


Message History

* * * LOW HITPOINT WARNING * * *
You hit the wolf. Your bite misses the wolf.
The wolf is lightly wounded.
The wolf closely misses you. The wolf completely misses you.
You hit the wolf but do no damage.
The wolf is lightly wounded.
Grum hits you from afar with a -2 glaive!!
* * * LOW HITPOINT WARNING * * *
The wolf closely misses you.
Unknown command.
Okay, then.
Blink to where?
Press: ? - help, Dir - move target
As you read the scroll of blinking, it crumbles to dust.
There is an open door here.
Okay, then.
It was a potion of curing.
You feel better. The wolf barely misses you.
The wolf bites you but does no damage.
It was a potion of haste.
You feel yourself speed up. The wolf barely misses you. The wolf misses you.
There is an open door here.
It was a potion of brilliance.
You feel clever all of a sudden. The wolf bites you but does no damage.
It was a potion of flight.
You feel very buoyant.
You fly up into the air.
The wolf barely misses you.
Okay, then.
Aiming: Paralyse
Press: ? - help, Q - select action, (/) - cycle Shift-Dir - straight line, f - wolf
Aim: a wolf (chance to affect: 63%)
The wolf resists with significant effort.
The now-empty wand crumbles to dust.
The wolf bites you!
* * * LOW HITPOINT WARNING * * *
As you read the scroll labelled VAMIWUSKOA, it crumbles to dust.
The creatures around you are filled with an inner flame!
It was a scroll of immolation.
The wolf bites you.
You die...

#.### #.#
#######'####
#..........#
#..........#####.+
#..........'.....#
+..........#######
#..........#
#......@...#
######h##### #.g#
##.## ######## #..#
.......# ##'######
.......# #......[#
.......#####.......#
.......##..'.......+


You could see Grum (inner flame) and a wolf (inner flame).

Vanquished Creatures
  A two-headed ogre (D:8)
  Sigmund (D:6)
  3 yaks (D:7)
  A wyvern (D:9)
  A steam dragon (D:8)
  3 water moccasins
  An orc warrior (D:7)
  2 ice beasts
  3 sky beasts
  A wolf (D:10)
  2 ogres (D:6)
  2 centaurs
  2 kobold brigands
  A bullfrog (D:7)
  6 killer bees
  11 wights
  2 howler monkeys
  A centaur zombie (D:9)
  A bullfrog zombie (D:7)
  A hound (D:4)
  3 orc priests
  2 bullfrog skeletons
  A centaur skeleton (D:7)
  An iguana (D:6)
  2 orc wizards (D:4)
  A hound skeleton (D:4)
  3 howler monkey zombies
  4 adders
  3 white imps
  2 ufetubi
  A dart slug (D:4)
  17 orcs
  6 bats
  12 endoplasms
  5 giant cockroaches
  17 goblins
  4 hobgoblins
  3 jackals (D:1)
  3 quokkas
  3 ball pythons
  6 frilled lizards
  13 kobolds
  11 rats
  A bush (D:7)
170 creatures vanquished.

Vanquished Creatures (others)
  A wolf (D:10)
  10 plants (D:4)
11 creatures vanquished.

Grand Total: 181 creatures vanquished

Notes
Turn   | Place    | Note
-------+----------+-------------------------------------------
     0 | D:1      | chaosape the Gnoll Wanderer began the quest for the Orb.
     0 | D:1      | chaosape set off with the following items: a +2 short
                  | sword, a +0 spear, 11 poisoned darts, a +0 dagger, a +0
                  | robe
     0 | D:1      | Reached XP level 1. HP: 26/26 MP: 1/1
   174 | D:1      | Reached XP level 2. HP: 21/33 MP: 2/2
   780 | D:1      | Reached XP level 3. HP: 38/38 MP: 3/3
  1183 | D:1      | Found a faded altar of an unknown god.
  1428 | D:2      | Reached skill level 1 in Invocations
  2086 | D:2      | Reached skill level 1 in Long Blades
  2086 | D:2      | Reached skill level 1 in Axes
  2086 | D:2      | Reached skill level 1 in Maces & Flails
  2086 | D:2      | Reached skill level 1 in Polearms
  2086 | D:2      | Reached skill level 1 in Staves
  2086 | D:2      | Reached skill level 1 in Slings
  2086 | D:2      | Reached skill level 1 in Bows
  2086 | D:2      | Reached skill level 1 in Armour
  2086 | D:2      | Reached skill level 1 in Dodging
  2086 | D:2      | Reached skill level 1 in Shields
  2086 | D:2      | Reached skill level 1 in Unarmed Combat
  2086 | D:2      | Reached skill level 1 in Spellcasting
  2318 | D:2      | Reached XP level 4. HP: 45/45 MP: 5/5
  3150 | D:3      | Reached skill level 1 in Conjurations
  3150 | D:3      | Reached skill level 1 in Hexes
  3150 | D:3      | Reached skill level 1 in Summonings
  3150 | D:3      | Reached skill level 1 in Necromancy
  3150 | D:3      | Reached skill level 1 in Translocations
  3150 | D:3      | Reached skill level 1 in Transmutations
  3150 | D:3      | Reached skill level 1 in Fire Magic
  3150 | D:3      | Reached skill level 1 in Ice Magic
  3150 | D:3      | Reached skill level 1 in Air Magic
  3150 | D:3      | Reached skill level 1 in Earth Magic
  3150 | D:3      | Reached skill level 1 in Poison Magic
  3165 | D:3      | Reached XP level 5. HP: 37/51 MP: 6/6
  4206 | D:4      | Got the Papyrus of Dislocation and Enchantment
  4393 | D:4      | Reached XP level 6. HP: 42/57 MP: 8/8
  4602 | D:4      | Found an opulent altar of Gozag.
  4604 | D:4      | Found a burning altar of Makhleb.
  4605 | D:4      | Found a radiant altar of Vehumet.
  4621 | D:4      | Became a worshipper of Makhleb the Destroyer
  4899 | D:4      | Reached skill level 5 in Short Blades
  5249 | D:5      | Entered Level 5 of the Dungeon
  5249 | D:5      | Noticed Grinder
  5254 | D:5      | Paralysed by Grinder for 3 turns
  5257 | D:5      | Noticed Menkaure
  5258 | D:5      | You fall into a shaft and drop 1 floor!
  5386 | D:6      | Noticed a water moccasin
  5409 | D:6      | Killed a water moccasin
  5541 | D:6      | Noticed Sigmund
  5757 | D:6      | Killed Sigmund
  5758 | D:6      | Reached XP level 7. HP: 45/63 MP: 10/10
  5765 | D:6      | Found a sacrificial altar of Ru.
  5947 | D:6      | Found a snail-covered altar of Cheibriados.
  6317 | D:6      | Reached skill level 9 in Fighting
  6618 | D:6      | Reached XP level 8. HP: 31/71 MP: 12/12
  6858 | D:6      | Reached * piety under Makhleb
  7244 | D:6      | You fall into a shaft and drop 3 floors!
  7315 | D:9      | HP: 3/71 [poisoned by a killer bee]
  8144 | D:9      | Noticed a wyvern
  8176 | D:9      | Killed a wyvern
  8638 | D:9      | Reached XP level 9. HP: 62/76 MP: 14/14
  8922 | D:8      | Found an ancient bone altar of Kikubaaqudgha.
  9150 | D:8      | Noticed a two-headed ogre
  9726 | D:6      | Found a bloodstained altar of Trog.
  9747 | D:6      | Reached skill level 5 in Crossbows
  9747 | D:6      | Reached skill level 5 in Throwing
  9747 | D:6      | Reached skill level 5 in Evocations
 10555 | D:7      | Reached skill level 5 in Stealth
 10891 | D:7      | Reached skill level 5 in Invocations
 11977 | D:7      | Reached ** piety under Makhleb
 11985 | D:7      | Reached XP level 10. HP: 70/85 MP: 17/17
 12667 | D:8      | Reached skill level 5 in Long Blades
 12667 | D:8      | Reached skill level 5 in Axes
 12667 | D:8      | Reached skill level 5 in Maces & Flails
 12667 | D:8      | Reached skill level 5 in Polearms
 12667 | D:8      | Reached skill level 5 in Staves
 12667 | D:8      | Reached skill level 5 in Slings
 12667 | D:8      | Reached skill level 5 in Bows
 12667 | D:8      | Reached skill level 5 in Armour
 12667 | D:8      | Reached skill level 5 in Dodging
 12667 | D:8      | Reached skill level 5 in Shields
 12667 | D:8      | Reached skill level 5 in Unarmed Combat
 12667 | D:8      | Reached skill level 5 in Spellcasting
 12704 | D:8      | Killed a two-headed ogre
 12705 | D:8      | Reached skill level 10 in Fighting
 13035 | D:8      | Identified the +0 pair of gloves of the Sunfish {+Inv}
 13094 | D:8      | You fall into a shaft and drop 2 floors!
 13094 | D:10     | Entered Level 10 of the Dungeon
 13154 | D:10     | Noticed Grum
 13185 | D:10     | HP: 1/79 [Grum (18)]
 13198 | D:10     | HP: 1/79 [wolf[Grum] (7)]
 13199 | D:10     | Slain by a wolf

Illustrated notes

Levels and vault maps discovered:
D:1:      sevenhm_arrival_forest_fort_large_2, layout_loops_ring,
          dreamdust_ecumenical_altar_angels_and_demons
D:2:      layout_basic, minmay_small_reverse_x
D:3:      kennysheep_the_goblin_king, layout_loops_ring, minivault_5,
          chequers_serial_rivers_room_b
D:4:      layout_loops_ring, gammafunk_temple_overflow_forgotten,
          serial_bayou_lake_a
D:5:      layout_gridville, minmay_temple_entry_fiery, uniq_grinder,
          uniq_menkaure
D:6:      layout_loops_ring, mainiacjoe_overflow_alcove_2,
          mainiacjoe_overflow_divided_tiny, uniq_sigmund
D:7:      layout_layer_cave, kb_lookout_dungeons_type,
          hangedman_abyss_or_decor_passed
D:8:      minmay_quarter_circles, layout_basic,
          nicolae_kikubaaqudgha_miasma_corner, serial_co_window_serial,
          co_window_corner_a, co_window_paths_b, co_window_paths_a,
          co_window_paths_a, co_window_paths_a, co_window_corner_a,
          co_window_unsneaky_path_b, co_window_paths_c, co_window_2corner,
          co_window_2corner, co_window_unsneaky_path_a, co_window_paths_e,
          glass_columns_c, glass_columns_a, glass_columns_a, glass_columns_a,
          minivault_14
D:9:      layout_loops_ring, kennysheep_generic_room_8
D:10:     layout_roguey, xom_shifter_show, nzn_wu_jian_contemplation,
          minmay_orc_entry_guard_dogs, trove_entry_hex_spiral,
          bh_walls_and_bars, uniq_grum

Skill      XL: |  1  2  3  4  5  6  7  8  9 10 |
---------------+-------------------------------+-----
Invocations    | 1 2 3 4 5 |  5.7
Long Blades    | 1 2 3 4 5 |  5.2
Axes           | 1 2 3 4 5 |  5.2
Maces & Flails | 1 2 3 4 5 |  5.2
Polearms       | 1 2 3 4 5 |  5.2
Staves         | 1 2 3 4 5 |  5.2
Slings         | 1 2 3 4 5 |  5.2
Bows           | 1 2 3 4 5 |  5.2
Armour         | 1 2 3 4 5 |  5.2
Dodging        | 1 2 3 4 5 |  5.2
Shields        | 1 2 3 4 5 |  5.2
Unarmed Combat | 1 2 3 4 5 |  5.2
Spellcasting   | 1 2 3 4 5 |  5.2
Conjurations   | 1 2 3 4 |  4.3
Hexes          | 1 2 3 4 |  4.3
Summonings     | 1 2 3 4 |  4.3
Necromancy     | 1 2 3 4 |  4.3
Translocations | 1 2 3 4 |  4.3
Transmutations | 1 2 3 4 |  4.3
Fire Magic     | 1 2 3 4 |  4.3
Ice Magic      | 1 2 3 4 |  4.3
Air Magic      | 1 2 3 4 |  4.3
Earth Magic    | 1 2 3 4 |  4.3
Poison Magic   | 1 2 3 4 |  4.3
Crossbows      | 3 4 5 |  5.8
Throwing       | 3 4 5 |  5.8
Evocations     | 3 4 5 |  5.8
Stealth        | 3 4 5 |  5.7
Short Blades   | 5 6 7 |  7.0
Fighting       | 9 10 | 10.0

Action                   |  1- 3 |  4- 6 |  7- 9 | 10-12 || total
-------------------------+-------+-------+-------+-------++-------
Melee: Short sword       |   114 |   231 |   215 |       ||   560
       Bite              |     6 |    21 |    74 |     4 ||   105
       Punch             |       |     1 |     9 |     1 ||    11
       Spear             |       |       |   244 |    58 ||   302
Throw: Dart              |       |     8 |       |       ||     8
       Javelin           |       |     4 |       |       ||     4
Invok: Minor Destruction |       |       |       |     1 ||     1
Evoke: Wand              |       |       |    11 |     6 ||    17
  Use: Scroll            |       |       |     5 |     3 ||     8
       Potion            |       |       |     2 |     5 ||     7
 Stab: Sleeping          |     7 |     5 |     5 |       ||    17
       Paralysed         |       |       |       |    13 ||    13
Armor: Leather armour    |    32 |       |       |       ||    32
       Ring mail         |     5 |    82 |   138 |    24 ||   249
Dodge: Dodged            |    68 |    94 |   210 |    32 ||   404
